[Event "57th Biel Festival ATO 2024"]
[Site "Biel"]
[Date "2024.07.18"]
[Round "3.10"]
[White "Schmid, Nicola"]
[Black "Bangerter, Ena"]
[Result "1-0"]
[ECO "E00"]
[WhiteElo "1888"]
[BlackElo "1771"]
[Annotator "NA RC"]
[PlyCount "99"]
[EventDate "2024.07.03"]
[EventType "swiss"]
[EventCountry "SUI"]
[SourceTitle "playchess.com"]
[Source "ChessBase"]
[SourceQuality "1"]
[TimeControl "40/5400+30:1800+30"]

1. Nf3 Nf6 2. c4 e6 3. a3 d5 4. d4 Be7 5. Nc3 O-O 6. Bg5 h6 7. Bh4 b6 8. cxd5 Nxd5 9. Bxe7 Nxe7 10. Qc2 Bb7 11. e4 Nd7 12. Bc4 c5 13. d5 exd5 14. exd5 Nf6 15. O-O-O Qd6 16. Rd2 a6 17. Re1 Rad8 18. Ne4 Nxe4 19. Qxe4 Ng6 20. Ne5 Rfe8 21. f4 b5 22. Ba2 Nxf4 23. Qxf4 f6 24. Rde2 fxe5 25. Rxe5 Rxe5 26. Rxe5 Rf8 27. Qe4 c4 28. Bb1 g6 29. Re6 Qf4+ 30. Qxf4 Rxf4 31. Rxg6+ Kf8 32. Bc2 Bxd5 33. Rxa6 Rf1+ 34. Kd2 Bxg2 35. Rxh6 Rf2+ 36. Kc3 Kg7 37. Rg6+ Kf7 38. Rb6 Bf1 39. Rxb5 Rxh2 40. Rf5+ Ke6 41. Rxf1 Kd5 42. Rf5+ Kd6 43. a4 Kc6 44. a5 Kb7 45. Rf6 Ka7 46. Be4 Rh5 47. Kb4 Rh4 48. Bd5 Rh8 49. Rf7+ Ka6 50. Bxc4# 1-0

[Event "57th Biel Festival ATO 2024"]
[Site "Biel"]
[Date "2024.07.18"]
[Round "3.12"]
[White "Nasybullina, Alfia"]
[Black "Linder, Ernst"]
[Result "1-0"]
[ECO "D06"]
[WhiteElo "1997"]
[BlackElo "1765"]
[Annotator "RC"]
[PlyCount "50"]
[EventDate "2024.07.03"]
[EventType "swiss"]
[EventCountry "SUI"]
[SourceTitle "playchess.com"]
[Source "ChessBase"]
[SourceQuality "1"]
[TimeControl "40/5400+30:1800+30"]

1. d4 d5 2. c4 Nf6 3. cxd5 Qxd5 4. Nc3 Qd8 5. e4 e6 6. Nf3 Be7 7. Bd3 c6 8. Bg5 Nbd7 9. Qd2 O-O 10. O-O-O b5 11. e5 b4 12. Ne4 Nd5 13. Nd6 a5 14. Bxe7 Qxe7 15. Rhe1 Ba6 16. Re4 Bxd3 17. Qxd3 c5 18. Rh4 h6 19. g4 cxd4 20. Qxd4 f6 21. Nf5 Qc5+ 22. Qxc5 Nxc5 23. exf6 Rxf6 24. Ne5 Rc8 25. Kb1 Nc3+ 1-0

[Event "57th Biel Festival ATO 2024"]
[Site "Biel"]
[Date "2024.07.18"]
[Round "3.13"]
[White "Schaer, Bryan"]
[Black "Dreke, Frank"]
[Result "0-1"]
[ECO "B03"]
[WhiteElo "1803"]
[BlackElo "1915"]
[Annotator "RC"]
[PlyCount "134"]
[EventDate "2024.07.03"]
[EventType "swiss"]
[EventCountry "SUI"]
[SourceTitle "playchess.com"]
[Source "ChessBase"]
[SourceQuality "1"]
[TimeControl "40/5400+30:1800+30"]

1. e4 Nf6 2. e5 Nd5 3. d4 d6 4. c4 Nb6 5. f4 dxe5 6. fxe5 c5 7. d5 g6 8. Be3 Qc7 9. Nf3 Bg4 10. Nbd2 N8d7 11. Be2 Bg7 12. O-O O-O 13. e6 fxe6 14. Ng5 Qe5 15. Rxf8+ Rxf8 16. Nf1 Rxf1+ 17. Kxf1 Bxe2+ 18. Qxe2 exd5 19. Rc1 Bh6 20. h4 dxc4 21. Qf3 Qf5 22. Ke2 Qd3+ 23. Kf2 Bxg5 24. Bxg5 Qxf3+ 25. Kxf3 Kf7 26. Re1 e5 27. Rf1 Ke6 28. Ke4 Nc8 29. g4 b5 30. a3 Nd6+ 31. Ke3 Nf7 32. Rd1 h6 33. h5 Nxg5 34. hxg6 Nf6 35. Rf1 Nd5+ 36. Kd2 Nf4 37. Rh1 Nxg6 38. Rxh6 Kf6 39. Ke3 a6 40. Rh1 Kf7 41. Rh5 Kf6 42. Rh1 Ne6 43. Rh7 Ngf4 44. Ra7 Nd5+ 45. Kd2 Nec7 46. Kc2 Kg5 47. Rb7 Kxg4 48. Rb8 Kf4 49. Rf8+ Ke4 50. Rf7 a5 51. Rh7 a4 52. Kd2 b4 53. Rh4+ Nf4 54. Kc2 Nb5 55. Kc1 b3 56. Kd2 c3+ 57. Kc1 cxb2+ 58. Kxb2 c4 59. Rh2 c3+ 60. Ka1 c2 61. Rh1 Ne2 62. Rh4+ Kd3 63. Rh3+ Kd2 64. Rh1 c1=Q+ 65. Rxc1 Nxc1 66. Kb2 Nd3+ 67. Ka1 b2+ 0-1

[Event "57th Biel Festival ATO 2024"]
[Site "Biel"]
[Date "2024.07.18"]
[Round "3.14"]
[White "Kessler, Meinrad"]
[Black "Lang, Jochen"]
[Result "1-0"]
[ECO "B15"]
[WhiteElo "1874"]
[BlackElo "1755"]
[Annotator "NA"]
[PlyCount "67"]
[EventDate "2024.07.03"]
[EventType "swiss"]
[EventCountry "SUI"]
[SourceTitle "playchess.com"]
[Source "ChessBase"]
[SourceQuality "1"]
[TimeControl "40/5400+30:1800+30"]

1. e4 c6 2. d4 d5 3. Nc3 dxe4 4. Nxe4 Nf6 5. Nxf6+ exf6 6. c3 Bd6 7. Bd3 O-O 8. Qc2 Re8+ 9. Ne2 g6 10. O-O Nd7 11. Bd2 Nf8 12. c4 Bc7 13. Rad1 Bg4 14. Be3 Bxe2 15. Bxe2 Rc8 16. Bf3 Bb8 17. d5 cxd5 18. Bxd5 Qc7 19. g3 Ne6 20. f4 b5 21. b3 a6 22. Qg2 Ba7 23. Bf2 Ng7 24. Rfe1 bxc4 25. Bxc4 a5 26. Kf1 Bxf2 27. Qxf2 Qc6 28. Rxe8+ Rxe8 29. Rd5 Nf5 30. Kg1 Ne3 31. Rd4 a4 32. Qd2 Qc5 33. Qc3 Nf5 34. Bxf7+ 1-0

[Event "57th Biel Festival ATO 2024"]
[Site "Biel"]
[Date "2024.07.18"]
[Round "3.15"]
[White "Cardoso Rodrigues, Michael"]
[Black "Buntschu, Kurt"]
[Result "1/2-1/2"]
[ECO "B21"]
[WhiteElo "1796"]
[BlackElo "1868"]
[Annotator "NA RC"]
[PlyCount "59"]
[EventDate "2024.07.03"]
[EventType "swiss"]
[EventCountry "SUI"]
[SourceTitle "playchess.com"]
[Source "ChessBase"]
[SourceQuality "1"]
[TimeControl "40/5400+30:1800+30"]

1. e4 c5 2. d4 cxd4 3. c3 dxc3 4. Nxc3 Nc6 5. Nf3 d6 6. Bc4 e6 7. O-O Be7 8. Qe2 Nf6 9. Rd1 e5 10. Ng5 O-O 11. Bxf7+ Rxf7 12. Qc4 Qf8 13. Nb5 h6 14. Nxf7 Qxf7 15. Qxf7+ Kxf7 16. f3 Be6 17. Be3 d5 18. Nc7 Rd8 19. exd5 Nxd5 20. Nxe6 Kxe6 21. Bf2 Nf4 22. Rxd8 Bxd8 23. Rd1 Ne2+ 24. Kf1 Ned4 25. f4 Bf6 26. Re1 Kd5 27. fxe5 Bxe5 28. g3 Nb4 29. Rd1 a6 30. a3 1/2-1/2

[Event "57th Biel Festival ATO 2024"]
[Site "Biel"]
[Date "2024.07.18"]
[Round "3.16"]
[White "Keymer, Cecilia"]
[Black "Jordan, Christina"]
[Result "0-1"]
[ECO "D13"]
[WhiteElo "1865"]
[BlackElo "1749"]
[Annotator "NA RC"]
[PlyCount "34"]
[EventDate "2024.07.03"]
[EventType "swiss"]
[EventCountry "SUI"]
[SourceTitle "playchess.com"]
[Source "ChessBase"]
[SourceQuality "1"]
[TimeControl "40/5400+30:1800+30"]

1. d4 d5 2. c4 c6 3. Nf3 Nf6 4. e3 Bf5 5. cxd5 cxd5 6. Nc3 Nc6 7. Ne5 a6 8. Be2 e6 9. g4 Bg6 10. h4 h6 11. Nxg6 fxg6 12. Bd3 Bd6 13. Bxg6+ Kd7 14. f4 Ne7 15. Bd3 Qf8 16. e4 g6 17. O-O Rg8 0-1

[Event "57th Biel Festival ATO 2024"]
[Site "Biel"]
[Date "2024.07.18"]
[Round "3.17"]
[White "Coletta, Julien"]
[Black "Bracher, Juerg"]
[Result "0-1"]
[ECO "B24"]
[WhiteElo "1778"]
[BlackElo "1864"]
[Annotator "NA"]
[PlyCount "62"]
[EventDate "2024.07.03"]
[EventType "swiss"]
[EventCountry "SUI"]
[SourceTitle "playchess.com"]
[Source "ChessBase"]
[SourceQuality "1"]
[TimeControl "40/5400+30:1800+30"]

1. e4 c5 2. Nc3 Nc6 3. g3 e6 4. Bg2 a6 5. f4 Qc7 6. Nf3 d6 7. d3 Nf6 8. O-O Be7 9. h3 Nd4 10. g4 h6 11. Nxd4 cxd4 12. Ne2 Qb6 13. Kh2 e5 14. f5 Bd7 15. c3 dxc3 16. bxc3 Bc6 17. Ng3 Qc7 18. d4 Bb5 19. Rf3 Rc8 20. Re3 Qa5 21. Bb2 Bc4 22. Ne2 Nd7 23. Nc1 Bg5 24. Nb3 Qb5 25. Re1 Bf4+ 26. Kh1 Nb6 27. Bc1 Bg3 28. Re3 Bf2 29. Rf3 Be2 30. Qd2 Bxf3 31. Bxf3 Qf1+ 0-1

[Event "57th Biel Festival ATO 2024"]
[Site "Biel"]
[Date "2024.07.18"]
[Round "3.18"]
[White "Gafner, Lancelot"]
[Black "Cho, Yeonhee"]
[Result "1/2-1/2"]
[ECO "C97"]
[WhiteElo "1864"]
[BlackElo "1686"]
[Annotator "NA RC"]
[PlyCount "89"]
[EventDate "2024.07.03"]
[EventType "swiss"]
[EventCountry "SUI"]
[SourceTitle "playchess.com"]
[Source "ChessBase"]
[SourceQuality "1"]
[TimeControl "40/5400+30:1800+30"]

1. e4 e5 2. Nf3 Nc6 3. Bb5 a6 4. Ba4 Nf6 5. O-O b5 6. Bb3 Be7 7. Re1 d6 8. c3 Na5 9. Bc2 c5 10. h3 O-O 11. d4 Qc7 12. Nbd2 Re8 13. Nf1 cxd4 14. cxd4 Nc4 15. Ne3 Nxe3 16. Bxe3 Bf8 17. d5 Bb7 18. Qd2 Rec8 19. Rac1 Qd8 20. Bd3 g6 21. Qb4 Rcb8 22. Rc3 Bxd5 23. exd5 Nxd5 24. Qb3 Nxc3 25. bxc3 b4 26. cxb4 d5 27. Nxe5 Bxb4 28. Rd1 Bc5 29. Nc6 Rxb3 30. Nxd8 Rc3 31. Bxc5 Rxc5 32. Nb7 Rc7 33. Na5 Rac8 34. Nb3 Rc6 35. Na5 Rc1 36. Rf1 Rxf1+ 37. Kxf1 Rc1+ 38. Ke2 Ra1 39. Nc6 Rxa2+ 40. Ke3 a5 41. Ne7+ Kg7 42. Nxd5 a4 43. Nc3 Ra1 44. Bc2 a3 45. Bb3 1/2-1/2

[Event "57th Biel Festival ATO 2024"]
[Site "Biel"]
[Date "2024.07.18"]
[Round "3.19"]
[White "Jaggy, Enzo"]
[Black "Primbetova, Raikhan"]
[Result "0-1"]
[ECO "D05"]
[WhiteElo "1835"]
[BlackElo "1534"]
[Annotator "NA RC"]
[PlyCount "92"]
[EventDate "2024.07.03"]
[EventType "swiss"]
[EventCountry "SUI"]
[SourceTitle "playchess.com"]
[Source "ChessBase"]
[SourceQuality "1"]
[TimeControl "40/5400+30:1800+30"]

1. d4 Nf6 2. Nf3 e6 3. e3 c5 4. c3 d5 5. Bd3 Be7 6. Nbd2 Nbd7 7. O-O b6 8. Re1 Bb7 9. e4 dxe4 10. Nxe4 O-O 11. Nxf6+ Nxf6 12. Bf4 cxd4 13. Nxd4 Qd5 14. Nf3 Rad8 15. Be2 Qf5 16. Qc1 Nd5 17. Bg3 Nf6 18. Nh4 Qc5 19. b4 Qc8 20. Bf3 Bxf3 21. Nxf3 Nd5 22. Qa3 Qxc3 23. Qxa7 Qxb4 24. Rab1 Qa5 25. Qxa5 bxa5 26. Ne5 Bb4 27. Red1 Nc3 28. Rxd8 Rxd8 29. Nc6 Nxb1 30. Nxd8 Nc3 31. Bc7 Nxa2 32. Nc6 a4 33. Be5 Bc5 34. Bd4 Bxd4 35. Nxd4 Nb4 36. Nb5 Nc2 37. Nc3 a3 38. Na2 Kf8 39. Kf1 Ke7 40. Ke2 Kd6 41. Kd3 Ne1+ 42. Kc3 Nxg2 43. Kb3 h5 44. Kxa3 Nh4 45. Nc3 Nf3 46. Ne4+ Ke5 0-1

[Event "57th Biel Festival ATO 2024"]
[Site "Biel"]
[Date "2024.07.18"]
[Round "3.20"]
[White "Svendsen, Hannelore"]
[Black "Papaux, Jeremie"]
[Result "0-1"]
[ECO "D00"]
[WhiteElo "1753"]
[BlackElo "1814"]
[Annotator "NA RC"]
[PlyCount "70"]
[EventDate "2024.07.03"]
[EventType "swiss"]
[EventCountry "SUI"]
[SourceTitle "playchess.com"]
[Source "ChessBase"]
[SourceQuality "1"]
[TimeControl "40/5400+30:1800+30"]

1. d4 d5 2. g3 Nf6 3. Bg2 Bf5 4. c4 e6 5. Nc3 c6 6. Qb3 Qb6 7. Nf3 Be7 8. c5 Qxb3 9. axb3 a6 10. O-O Nbd7 11. b4 O-O 12. Re1 Ne4 13. h4 h6 14. Bf4 g5 15. Be3 f6 16. h5 Nxc3 17. bxc3 Bg4 18. Nd2 Bxh5 19. c4 f5 20. f4 gxf4 21. Bxf4 Bg5 22. e3 Nf6 23. Bf1 Kh7 24. Nb3 Bxf4 25. exf4 Ne4 26. Kh2 Bg4 27. cxd5 exd5 28. Re3 h5 29. Rae1 Kg6 30. Nc1 h4 31. gxh4 Rh8 32. Nd3 Rxh4+ 33. Bh3 Rah8 34. Ne5+ Kf6 35. Nxg4+ fxg4 0-1

[Event "57th Biel Festival ATO 2024"]
[Site "Biel"]
[Date "2024.07.18"]
[Round "3.21"]
[White "Wiesmann, Dominique"]
[Black "Van Bogaert, Olivier"]
[Result "1-0"]
[ECO "A07"]
[WhiteElo "1963"]
[BlackElo "1815"]
[Annotator "RC"]
[PlyCount "153"]
[EventDate "2024.07.03"]
[EventType "swiss"]
[EventCountry "SUI"]
[SourceTitle "playchess.com"]
[Source "ChessBase"]
[SourceQuality "1"]
[TimeControl "40/5400+30:1800+30"]

1. b3 d5 2. Bb2 Bf5 3. d3 Nf6 4. Nf3 h6 5. g3 e6 6. Bg2 Nbd7 7. O-O c6 8. Nbd2 Be7 9. Re1 O-O 10. e4 dxe4 11. dxe4 Bh7 12. e5 Nd5 13. a3 a5 14. Ne4 Nc5 15. Nfd2 Nxe4 16. Nxe4 Nb6 17. Qe2 Qc7 18. Red1 Rad8 19. c4 Rxd1+ 20. Rxd1 Rd8 21. Rxd8+ Qxd8 22. Bc3 Nc8 23. Bb2 Nb6 24. h4 Nc8 25. Bf3 Qb6 26. Qd1 Bxe4 27. Bxe4 Bc5 28. Qd7 Na7 29. Bc2 Bxf2+ 30. Kg2 Bc5 31. Qd3 Kf8 32. g4 Ke7 33. Bc3 Qd8 34. Qxd8+ Kxd8 35. Bxa5+ b6 36. Bb4 Bxb4 37. axb4 f6 38. Kf3 Ke7 39. Kf4 Kd7 40. g5 hxg5+ 41. hxg5 fxe5+ 42. Kxe5 Ke7 43. Bd1 Nc8 44. Bf3 c5 45. bxc5 bxc5 46. Bg4 Na7 47. Bxe6 Nc6+ 48. Kd5 Nd4 49. Bg4 Nxb3 50. Bd1 Nd2 51. Be2 Nb3 52. Bh5 Nd4 53. Bg4 Nb3 54. Bf5 Nd4 55. Bd3 Nb3 56. g6 Kf6 57. Bc2 Nd4 58. Bd3 Ne6 59. Bb1 Ke7 60. Bf5 Nd4 61. Bg4 Nb3 62. Bd1 Nd4 63. Kxc5 Ne6+ 64. Kb6 Kd6 65. Bf3 Nc5 66. Bd5 Na4+ 67. Kb7 Nc5+ 68. Kc8 Na6 69. Kd8 Nc7 70. Bf7 Na6 71. Ke8 Nc5 72. Kf8 Nd3 73. Kxg7 Ne5 74. Kf6 Ng4+ 75. Kg5 Ne5 76. Kf5 Nxf7 77. gxf7 1-0

[Event "57th Biel Festival ATO 2024"]
[Site "Biel"]
[Date "2024.07.18"]
[Round "3.22"]
[White "Loeffler, Helmut"]
[Black "King, Alexander"]
[Result "0-1"]
[ECO "D05"]
[WhiteElo "1745"]
[BlackElo "1935"]
[Annotator "RC"]
[PlyCount "92"]
[EventDate "2024.07.03"]
[EventType "swiss"]
[EventCountry "SUI"]
[SourceTitle "playchess.com"]
[Source "ChessBase"]
[SourceQuality "1"]
[TimeControl "40/5400+30:1800+30"]

1. d4 d5 2. Nf3 e6 3. e3 c5 4. c3 Nd7 5. Bd3 Ngf6 6. Nbd2 Qc7 7. O-O e5 8. dxe5 Nxe5 9. Nxe5 Qxe5 10. Nf3 Qc7 11. h3 Be7 12. Re1 O-O 13. Qc2 b6 14. c4 dxc4 15. Bxc4 Bb7 16. Be2 Qc6 17. b3 Nd5 18. a3 Bf6 19. Bb2 Rad8 20. Bxf6 Qxf6 21. Rac1 h6 22. Nh2 Qe7 23. Bf3 Bc8 24. Qe4 Qxe4 25. Bxe4 Nf6 26. Bf3 Be6 27. Rb1 Rd3 28. b4 c4 29. a4 Ra3 30. Bc6 Rc8 31. b5 Rxa4 32. Ra1 Rxa1 33. Rxa1 Rc7 34. Nf3 Bf5 35. Ne5 c3 36. f3 Nd7 37. f4 Nxe5 38. fxe5 c2 39. Rc1 Bd3 40. Kf2 a6 41. e4 Bxb5 42. Bxb5 axb5 43. Ke2 b4 44. Kd2 b3 45. h4 b2 46. Rxc2 Rd7+ 0-1

[Event "57th Biel Festival ATO 2024"]
[Site "Biel"]
[Date "2024.07.18"]
[Round "3.23"]
[White "Boyer, Jean-Francois"]
[Black "Bangerter, Daria"]
[Result "0-1"]
[ECO "B22"]
[WhiteElo "1742"]
[BlackElo "1931"]
[Annotator "RC"]
[PlyCount "63"]
[EventDate "2024.07.03"]
[EventType "swiss"]
[EventCountry "SUI"]
[SourceTitle "playchess.com"]
[Source "ChessBase"]
[SourceQuality "1"]
[TimeControl "40/5400+30:1800+30"]

1. e4 c5 2. c3 g6 3. d4 cxd4 4. cxd4 d5 5. e5 Nc6 6. h3 Nh6 7. Nf3 Nf5 8. Nc3 h6 9. g4 Ng7 10. Qb3 e6 11. a3 Be7 12. Be3 Bd7 13. Qd1 Na5 14. b4 Rc8 15. Nb5 Nc4 16. Bxc4 Rxc4 17. Nd6+ Bxd6 18. exd6 Rc6 19. Bf4 g5 20. Bg3 f6 21. Qd3 Kf7 22. h4 Qc8 23. Kd2 Qg8 24. Rac1 Ke8 25. b5 Rb6 26. a4 Qf7 27. Rc7 Kf8 28. Rhc1 Ne8 29. a5 Rxb5 30. Qxb5 Bxb5 31. Rxf7+ Kxf7 32. Rc8 0-1

[Event "57th Biel Festival ATO 2024"]
[Site "Biel"]
[Date "2024.07.18"]
[Round "3.24"]
[White "Aegerter, Fabrice"]
[Black "Pavlov, Myroslav"]
[Result "1-0"]
[ECO "B07"]
[WhiteElo "1917"]
[BlackElo "1736"]
[Annotator "NA RC"]
[PlyCount "51"]
[EventDate "2024.07.03"]
[EventType "swiss"]
[EventCountry "SUI"]
[SourceTitle "playchess.com"]
[Source "ChessBase"]
[SourceQuality "1"]
[TimeControl "40/5400+30:1800+30"]

1. d4 Nf6 2. Bf4 g6 3. Nc3 Bg7 4. e4 d6 5. Qd2 Nbd7 6. O-O-O c5 7. dxc5 Nxc5 8. e5 Nfe4 9. Nxe4 Nxe4 10. Qe1 d5 11. Bb5+ Kf8 12. Qxe4 Qa5 13. Qxd5 Be6 14. Qxb7 Rc8 15. c4 g5 16. Qa6 Qc7 17. Bxg5 Bxe5 18. Bh6+ Kg8 19. Nf3 Bf6 20. Rhe1 Qc5 21. Rxe6 Rb8 22. Rc6 Qf5 23. Rd5 Qg4 24. h3 Qxg2 25. Rc8+ Rxc8 26. Qxc8# 1-0

[Event "57th Biel Festival ATO 2024"]
[Site "Biel"]
[Date "2024.07.18"]
[Round "3.25"]
[White "Suwendo, Poedjo"]
[Black "Leuenberger, Urs"]
[Result "0-1"]
[ECO "B25"]
[WhiteElo "1727"]
[BlackElo "1903"]
[Annotator "RC"]
[PlyCount "84"]
[EventDate "2024.07.03"]
[EventType "swiss"]
[EventCountry "SUI"]
[SourceTitle "playchess.com"]
[Source "ChessBase"]
[SourceQuality "1"]
[TimeControl "40/5400+30:1800+30"]

1. e4 c5 2. Nc3 d6 3. g3 Nc6 4. Bg2 Nf6 5. d3 g6 6. Nge2 Bg7 7. O-O O-O 8. Bg5 h6 9. Bd2 Rb8 10. a3 b5 11. b4 a5 12. bxc5 dxc5 13. Rb1 Ba6 14. Qc1 Kh7 15. Be3 Nd4 16. Bf4 Nxe2+ 17. Nxe2 Rb6 18. Rd1 Nd7 19. Be3 e5 20. Qd2 b4 21. axb4 axb4 22. Bh3 Rc6 23. Ra1 Nb8 24. Nc1 Qc7 25. Nb3 Rd8 26. Bf1 Bf8 27. Na5 Rcd6 28. Qc1 c4 29. d4 exd4 30. Bf4 Bb5 31. Rxd4 Qb6 32. Rxd6 Bxd6 33. Bxd6 Rxd6 34. Bxc4 Be8 35. Bd5 Qd4 36. Nc4 Rxd5 37. exd5 Qxc4 38. Ra8 Qxd5 39. Ra1 Bc6 40. Kf1 Nd7 41. Ke1 Ne5 42. Qd1 Nf3+ 0-1

[Event "57th Biel Festival ATO 2024"]
[Site "Biel"]
[Date "2024.07.18"]
[Round "3.26"]
[White "Voet, Dirk"]
[Black "Panda, Gyorgy"]
[Result "1-0"]
[ECO "A00"]
[WhiteElo "1869"]
[BlackElo "1713"]
[Annotator "NA RC"]
[PlyCount "20"]
[EventDate "2024.07.03"]
[EventType "swiss"]
[EventCountry "SUI"]
[SourceTitle "playchess.com"]
[Source "ChessBase"]
[SourceQuality "1"]
[TimeControl "40/5400+30:1800+30"]

1. g3 d5 2. Bg2 Nf6 3. b3 c6 4. Bb2 Nbd7 5. d3 e6 6. Nd2 Bd6 7. f4 O-O 8. e3 Re8 9. d4 a5 10. h3 Qb6 1-0

[Event "57th Biel Festival ATO 2024"]
[Site "Biel"]
[Date "2024.07.18"]
[Round "3.27"]
[White "Luedi, Paul"]
[Black "Titov, Dmitrii"]
[Result "0-1"]
[ECO "E24"]
[WhiteElo "1715"]
[BlackElo "1899"]
[Annotator "NA RC"]
[PlyCount "66"]
[EventDate "2024.07.03"]
[EventType "swiss"]
[EventCountry "SUI"]
[SourceTitle "playchess.com"]
[Source "ChessBase"]
[SourceQuality "1"]
[TimeControl "40/5400+30:1800+30"]

1. d4 Nf6 2. c4 e6 3. Nc3 Bb4 4. f3 c5 5. a3 Bxc3+ 6. bxc3 O-O 7. e4 d6 8. Bd3 h6 9. Ne2 Qc7 10. O-O Nc6 11. d5 Na5 12. Ng3 b6 13. Ra2 Ba6 14. f4 Bxc4 15. Bxc4 Nxc4 16. Qe2 exd5 17. exd5 b5 18. f5 Rfe8 19. Qf3 Ne5 20. Qd1 c4 21. Nh5 Nxh5 22. Qxh5 f6 23. Bf4 Nd3 24. Bxh6 gxh6 25. Qxh6 Qg7 26. Qh5 Qg5 27. Qxg5+ fxg5 28. f6 Kf7 29. a4 b4 30. cxb4 Nxb4 31. Rb2 a5 32. g3 c3 33. Rb3 Rac8 0-1

[Event "57th Biel Festival ATO 2024"]
[Site "Biel"]
[Date "2024.07.18"]
[Round "3.28"]
[White "Jordan, Theodor"]
[Black "Sushrutha, Reddy"]
[Result "0-1"]
[ECO "B78"]
[WhiteElo "1894"]
[BlackElo "1649"]
[Annotator "NA RC"]
[PlyCount "96"]
[EventDate "2024.07.03"]
[EventType "swiss"]
[EventCountry "SUI"]
[SourceTitle "playchess.com"]
[Source "ChessBase"]
[SourceQuality "1"]
[TimeControl "40/5400+30:1800+30"]

1. e4 c5 2. Nf3 d6 3. d4 cxd4 4. Nxd4 Nf6 5. Nc3 g6 6. Be3 Bg7 7. f3 O-O 8. Bc4 Nc6 9. Qd2 Bd7 10. O-O-O Rc8 11. Bb3 Ne5 12. h4 h5 13. Bh6 Nc4 14. Bxc4 Rxc4 15. Bxg7 Kxg7 16. g4 hxg4 17. h5 Rh8 18. hxg6 fxg6 19. fxg4 Nxg4 20. Rdg1 Qf8 21. Rxh8 Qxh8 22. Qg5 Qh6 23. Qxh6+ Kxh6 24. Nb3 Nf6 25. Nd2 Rc8 26. Nf3 Bg4 27. e5 Bxf3 28. exf6 e5 29. Nb5 Rf8 30. Nxd6 Rxf6 31. Nc4 e4 32. Ne3 g5 33. Kd2 Rd6+ 34. Ke1 Kh5 35. a4 g4 36. b3 Kg5 37. Nc4 Rd1+ 38. Kf2 Rxg1 39. Kxg1 Kf4 40. a5 Bd1 41. a6 bxa6 42. b4 Bxc2 43. Kf2 Bd3 44. Nb2 g3+ 45. Kg2 Be2 46. Na4 Bf3+ 47. Kh3 e3 48. Nb2 Be4 0-1

[Event "57th Biel Festival ATO 2024"]
[Site "Biel"]
[Date "2024.07.18"]
[Round "3.29"]
[White "Bachmann Daniel"]
[Black "Galopin, Clement"]
[Result "0-1"]
[ECO "C28"]
[WhiteElo "1713"]
[BlackElo "1816"]
[Annotator "NA"]
[PlyCount "121"]
[EventDate "2024.07.03"]
[EventType "swiss"]
[EventCountry "SUI"]
[SourceTitle "playchess.com"]
[Source "ChessBase"]
[SourceQuality "1"]
[TimeControl "40/5400+30:1800+30"]

1. e4 e5 2. Nc3 Nc6 3. Bc4 Nf6 4. d3 Be7 5. f4 d6 6. Nf3 Bg4 7. h3 Bxf3 8. Qxf3 Nd4 9. Qd1 c6 10. a4 a5 11. Ne2 Nxe2 12. Qxe2 O-O 13. O-O Qc7 14. fxe5 dxe5 15. Bg5 b5 16. axb5 cxb5 17. Ba2 Rac8 18. Bxf6 Bxf6 19. Qg4 Qb6+ 20. Kh1 Rxc2 21. Rab1 Be7 22. Qd7 Qg6 23. Qg4 Qxg4 24. hxg4 Bg5 25. Rf5 Bf4 26. d4 g6 27. Rf6 Kg7 28. Rd6 Rfc8 29. dxe5 Rc1+ 30. Rd1 Rxd1+ 31. Rxd1 Bxe5 32. Rb1 Rc2 33. Bd5 Rxb2 34. Ra1 a4 35. Kg1 Rxg2+ 36. Kxg2 Bxa1 37. Bc6 a3 38. Bxb5 Kh6 39. Bc4 f6 40. Kf3 Kg5 41. Bg8 Be5 42. Be6 h5 43. gxh5 gxh5 44. Kg2 Kf4 45. Bd5 Bc3 46. Kh3 Be1 47. Kg2 Ke5 48. Kf1 Bc3 49. Ba2 Kxe4 50. Kg2 f5 51. Bb1+ Kf4 52. Kh3 Be1 53. Ba2 Ke3 54. Kg2 f4 55. Kf1 Bf2 56. Bf7 f3 57. Bd5 h4 58. Be6 h3 59. Bd5 h2 60. Bxf3 a2 61. Kg2 0-1

[Event "57th Biel Festival ATO 2024"]
[Site "Biel"]
[Date "2024.07.18"]
[Round "3.30"]
[White "Kim, Yejun"]
[Black "Gotti, Nicola"]
[Result "1-0"]
[ECO "C88"]
[WhiteElo "1642"]
[BlackElo "1804"]
[Annotator "NA RC"]
[PlyCount "67"]
[EventDate "2024.07.03"]
[EventType "swiss"]
[EventCountry "SUI"]
[SourceTitle "playchess.com"]
[Source "ChessBase"]
[SourceQuality "1"]
[TimeControl "40/5400+30:1800+30"]

1. e4 e5 2. Nf3 Nc6 3. Bb5 a6 4. Ba4 Nf6 5. O-O Be7 6. Re1 b5 7. Bb3 O-O 8. a4 Bb7 9. d3 d5 10. exd5 Nxd5 11. Nxe5 Nxe5 12. Rxe5 Bd6 13. Rxd5 Bxd5 14. Bxd5 Bxh2+ 15. Kxh2 Qxd5 16. Nc3 Qd6+ 17. Kg1 b4 18. Ne4 Qg6 19. Qf3 Qc6 20. c3 f5 21. Ng5 Qxf3 22. Nxf3 bxc3 23. bxc3 h6 24. Ba3 Rfd8 25. d4 Rab8 26. Bb4 g5 27. Ne5 Rb6 28. a5 Re6 29. Rb1 Rb8 30. Nd7 Rd8 31. Nc5 Rc6 32. Re1 Kf7 33. Nd3 Re6 34. Rxe6 1-0

[Event "57th Biel Festival ATO 2024"]
[Site "Biel"]
[Date "2024.07.18"]
[Round "3.31"]
[White "Trubini, Timon"]
[Black "Paholok, Igor"]
[Result "0-1"]
[ECO "C02"]
[WhiteElo "1714"]
[BlackElo "1801"]
[Annotator "NA RC"]
[PlyCount "28"]
[EventDate "2024.07.03"]
[EventType "swiss"]
[EventCountry "SUI"]
[SourceTitle "playchess.com"]
[Source "ChessBase"]
[SourceQuality "1"]
[TimeControl "40/5400+30:1800+30"]

1. e4 e6 2. d4 d5 3. e5 b6 4. Nf3 Bb7 5. c3 Nc6 6. Bd3 f6 7. Bf4 g5 8. Nxg5 fxg5 9. Qh5+ Kd7 10. Bxg5 Qe8 11. Qh4 Be7 12. f4 h6 13. Rf1 Bxg5 14. fxg5 Qe7 0-1

[Event "57th Biel Festival ATO 2024"]
[Site "Biel"]
[Date "2024.07.18"]
[Round "3.33"]
[White "Juchler, Celine"]
[Black "Hofer, Friedrich"]
[Result "0-1"]
[ECO "C57"]
[WhiteElo "1664"]
[BlackElo "1798"]
[Annotator "NA RC"]
[PlyCount "106"]
[EventDate "2024.07.03"]
[EventType "swiss"]
[EventCountry "SUI"]
[SourceTitle "playchess.com"]
[Source "ChessBase"]
[SourceQuality "1"]
[TimeControl "40/5400+30:1800+30"]

1. e4 e5 2. Nf3 Nc6 3. Bc4 Nf6 4. Ng5 d5 5. exd5 b5 6. Bxb5 Qxd5 7. Bxc6+ Qxc6 8. O-O Bb7 9. Nf3 Bd6 10. d3 O-O 11. Nc3 Rad8 12. Bg5 Bc5 13. Qe2 h6 14. Bxf6 Qxf6 15. Qxe5 Qc6 16. Rfe1 Rfe8 17. Qh5 Bd4 18. Rxe8+ Rxe8 19. Qb5 Bf6 20. Qxc6 Bxc6 21. Kf1 Rb8 22. Ne4 Bxe4 23. dxe4 Rxb2 24. e5 Be7 25. Nd4 Bc5 26. c3 Bxd4 27. cxd4 Rd2 28. Rc1 Rxd4 29. Rxc7 Ra4 30. Rc2 Kf8 31. g3 Ke7 32. f4 Ke6 33. Kf2 g5 34. Rc6+ Kd5 35. Rxh6 gxf4 36. Kf3 fxg3 37. hxg3 Rxa2 38. Kf4 Rf2+ 39. Ke3 Rf5 40. Ra6 Rxe5+ 41. Kf4 Re7 42. Ra5+ Kc4 43. Kf5 Kb4 44. Ra1 a5 45. g4 a4 46. g5 a3 47. Rb1+ Kc3 48. Rg1 Re2 49. Rg3+ Kb2 50. Rg4 Rf2+ 51. Ke5 a2 52. Rb4+ Ka3 53. Rb6 a1=Q+ 0-1